 Dungeon Crawl Stone Soup version 0.31-a0-152-g6aa68a64a1 (webtiles) character file.

Game seed: 16708222702605850065

14 qw the Shooter (level 2, -2/25 HPs)
             Began as a Minotaur Hunter on June 9, 2023.
             Slain by a goblin
             ... wielding a +2 dagger of speed
             ... led by Robin
              (5 damage)
             ... on level 2 of the Dungeon.
             The game lasted 00:00:09 (334 turns).

qw the Shooter (Minotaur Hunter)                     Turns: 334, Time: 00:00:10

Health: -2/25      AC:  7    Str: 15    XL:     2   Next: 31%
Magic:  1/1        EV: 12    Int:  6    God:
Gold:   18         SH:  0    Dex: 19    Spells: 1/1 levels left

rFire   . . .        Y - +1 shortbow
rCold   . . .        (shield currently unavailable)
rNeg    . . .        c - +0 leather armour
rPois   .            (helmet restricted)
rElec   .            (no cloak)
rCorr   .            (no gloves)
SInv    .            (no boots)
Will    .....        (no amulet)
Stlth   ++           h - +4 ring of protection
HPRegen 0.24/turn    i - +6 ring of dexterity
MPRegen 0.07/turn

%: no passive effects
@: no status effects
A: horns 2, retaliatory headbutt
a: no special abilities


You were on level 2 of the Dungeon.
You visited 1 branch of the dungeon, and saw 2 of its levels.

You collected 18 gold pieces.


Innate Abilities, Weirdness & Mutations

You have a pair of horns on your head.
You reflexively headbutt those who attack you in melee.


   Skills:
 + Level 2.7 Fighting
 - Level 5.0 Ranged Weapons
 - Level 2.1 Dodging
 - Level 0.7 Stealth


You had one spell level left.
You didn't know any spells.
Your spell library was empty.

Inventory:

Hand Weapons
 Y - a +1 shortbow (weapon)
Armour
 c - a +0 leather armour (worn)
Jewellery
 h - a +4 ring of protection (left hand)
 i - a +6 ring of dexterity (right hand)
Potions
 g - a potion of lignification {unknown}

Dungeon Overview and Level Annotations

Branches:
Dungeon (2/15)

Altars:

Annotations:
D:2 Robin


Message History

You shoot an arrow. The arrow hits the hobgoblin.
The hobgoblin is heavily wounded.
The goblin hits you but does no damage.
The goblin unwields a +0 dagger.
The goblin wields a +0 sling.
The goblin shoots a sling bullet.
The sling bullet misses you. Robin throws the goblin at you!
The hobgoblin hits you. The goblin hits you but does no damage.
The goblin closely misses you.
Robin roars a battlecry!
The goblins go into a battle-frenzy!
The goblin closely misses you. The hobgoblin barely misses you.
You hear a shout!
You shoot an arrow. The arrow barely misses the hobgoblin.
The goblin barely misses you.
The goblin hits you but does no damage. x2
You shoot an arrow.
The arrow completely misses the hobgoblin.
The goblin hits you but does no damage.
A goblin comes into view. It is wielding a +0 club.
The goblin closely misses you. The hobgoblin closely misses you.
The goblin shoots a sling bullet.
The sling bullet completely misses you.
You shoot an arrow. The arrow barely misses the hobgoblin.
The goblin hits you but does no damage.
Robin roars a battlecry!
The hobgoblins go into a battle-frenzy!
The hobgoblin hits you. The goblin hits you but does no damage.
The goblin barely misses you.
The goblin shoots a sling bullet.
The sling bullet closely misses you.
You shoot an arrow. The arrow hits the hobgoblin.
The hobgoblin is severely wounded.
The goblin hits you with a +2 dagger of speed.
The hobgoblin hits you. The goblin barely misses you. You furiously retaliate!
You headbutt the goblin!
You kill the goblin!
The goblin shoots a sling bullet.
The sling bullet barely misses you.
The goblin hits you with a +2 dagger of speed.
You shoot an arrow. The arrow hits the hobgoblin.
You kill the hobgoblin!
A giant cockroach comes into view.
Robin hits you from afar with a +0 spear.
The goblin hits you with a +2 dagger of speed. x2
You die...

..# ..#
...# ..###
?.....
#####...###
#.@g......#
#g#g#####.
#..g......#
###.#######
.g. #.# .B#
.)# ..#


You could see Robin, a giant cockroach (wandering), a hobgoblin (strong) and 3
goblins.

Vanquished Creatures
  2 endoplasms (D:1)
  A hobgoblin (D:2)
  2 kobolds (D:1)
  A quokka (D:1)
  3 ball pythons (D:1)
  A frilled lizard (D:1)
  4 goblins (D:2)
  A rat (D:1)
15 creatures vanquished.

Notes
Turn   | Place    | Note
-------+----------+-------------------------------------------
     0 | D:1      | qw the Minotaur Hunter began the quest for the Orb.
     0 | D:1      | Reached XP level 1. HP: 18/18 MP: 0/0
     0 | D:1      | 0 ||| qw: Version: 0.2-a-122-gbc61b45
     0 | D:1      | 0 ||| qw: Game counter: 3351
     0 | D:1      | 0 ||| qw: Always use a shield: true
     0 | D:1      | 0 ||| qw: God list: Okawaru
     0 | D:1      | 0 ||| qw: Allow faded altars: false
     0 | D:1      | 0 ||| qw: Do Orc after D:15 true
     0 | D:1      | 0 ||| qw: Do second Lair branch before Depths: true
     0 | D:1      | 0 ||| qw: Lair rune preference: random
     0 | D:1      | 0 ||| qw: Plans: Normal
     0 | D:1      | 0 ||| PLANNING D:1-11
    80 | D:1      | Found a faded altar of an unknown god.
   152 | D:1      | Reached XP level 2. HP: 25/25 MP: 1/1
   301 | D:1      | 301 ||| UPGRADING to +4 ring of protection.
   302 | D:1      | 302 ||| UPGRADING to +6 ring of dexterity.
   303 | D:1      | 303 ||| READING scroll labelled ZINIAKHLUOBB.
   304 | D:1      | 304 ||| READING scroll labelled OPHIWI CAGOAMM.
   305 | D:1      | 305 ||| READING scroll labelled BUGOBE IN GAW.
   306 | D:1      | 306 ||| DROPPING scroll of butterflies.
   323 | D:2      | Noticed Robin
   324 | D:2      | Reached skill level 5 in Ranged Weapons
   327 | D:2      | 327 ||| Stepping ~*~*~tactically~*~*~ (outnumbered).
   334 | D:2      | HP: 5/25 [Robin/+0 spear (3)]
   334 | D:2      | Slain by a goblin

Levels and vault maps discovered:
D:1:      saegor_arrival_simple_b, layout_rooms, ebering_ecumenical_altar_mist,
          chequers_serial_rivers_small_a
D:2:      layout_basic, basic_altar, minmay_worlds_worst_comb, uniq_sigmund,
          uniq_robin

Skill      XL: |  1  2 |
---------------+-------+-----
Ranged Weapons | 5 |  5.0
Fighting       | |  2.7
Dodging        | |  2.1
Stealth        | |  0.7

Action                     || total
---------------------------++-------
   Fire: Shortbow          ||    30
    Use: Scroll            ||     3
 Armour: Leather armour    ||    16
  Dodge: Dodged            ||    15

Table legend:
 A = Non-vault XP
 B = Vault XP
 C = Vault XP percentage of total XP
 D = Non-vault monster count
 E = Vault monster count
 F = Vault count percentage of total count
                 A         B        C        D         E       F
            +---------+---------+-------+---------+---------+-------
      Total |      14 |       9 |  39.1 |      10 |       5 |  33.3
            +---------+---------+-------+---------+---------+-------
        D:1 |      14 |       0 |   0.0 |      10 |       0 |   0.0
        D:2 |       0 |       9 | 100.0 |       0 |       5 | 100.0
            +---------+---------+-------+---------+---------+-------
